 Dungeon Crawl Stone Soup version 0.27-a0-998-g4cfe56dd59 (webtiles) character file.

Game seed: 4147501263661771704

45 harryhousin the Sneak (level 3, -4/25 HPs)
             Began as a Gnoll Wanderer on Apr 16, 2021.
             Slain by Natasha (6 damage)
             ... on level 2 of the Dungeon.
             The game lasted 00:09:52 (2648 turns).

harryhousin the Sneak (Gnoll Wanderer)              Turns: 2648, Time: 00:09:52

Health: -4/25      AC:  2    Str: 12    XL:     3   Next: 64%
Magic:  1/4        EV: 11    Int: 12    God:
Gold:   68         SH:  0    Dex: 10    Spells: 0/3 levels left

rFire    . . .     SeeInvis .   a - +0 falchion
rCold    . . .     Faith    .   (no shield)
rNeg     . . .     Spirit   .   d - +0 robe
rPois    .         Reflect  .   (no helmet)
rElec    .         Harm     .   (no cloak)
rCorr    .         Rampage  .   (no gloves)
Will     .....                  (no boots)
Stlth    +++.......             (no amulet)
HPRegen  0.08/turn              (no ring)
MPRegen  0.09/turn              (no ring)

@: no status effects
A: fangs 1, strong nose, distributed training
a: no special abilities


You were on level 2 of the Dungeon.
You visited 1 branch of the dungeon, and saw 2 of its levels.

You collected 68 gold pieces.

Inventory:

Hand Weapons
 a - a +0 falchion (weapon)
 e - a +0 dagger
Armour
 d - a +0 robe (worn)
Scrolls
 f - 2 scrolls of identify {unknown}
Potions
 b - a potion of might {unknown}
 c - a potion of mutation {unknown}
 g - a potion of resistance {unknown}


   Skills:
 + Level 0.9 Fighting
 + Level 0.9 Short Blades
 + Level 2.6 Long Blades
 + Level 0.9 Axes
 + Level 0.9 Maces & Flails
 + Level 0.9 Polearms
 + Level 0.9 Staves
 + Level 0.9 Slings
 + Level 0.9 Bows
 + Level 0.9 Crossbows
 + Level 0.9 Throwing
 + Level 0.9 Armour
 + Level 0.9 Dodging
 + Level 7.8 Stealth
 + Level 0.9 Shields
 + Level 0.9 Unarmed Combat
 + Level 0.9 Spellcasting
 + Level 0.6 Conjurations
 + Level 0.6 Hexes
 + Level 5.4 Summonings
 + Level 0.6 Necromancy
 + Level 0.6 Translocations
 + Level 0.6 Transmutations
 + Level 3.8 Fire Magic
 + Level 0.6 Ice Magic
 + Level 0.6 Air Magic
 + Level 0.6 Earth Magic
 + Level 0.6 Poison Magic
 + Level 1.0 Invocations
 + Level 0.9 Evocations


You couldn't memorise any spells.
You knew the following spells:

 Your Spells              Type           Power      Damage    Failure   Level
a - Magic Dart            Conj           8%         1d3       24%         1
b - Call Imp              Summ           13%        N/A       4%          2

Your spell library contained the following spells:

 Spells                   Type           Power      Damage    Failure   Level
 Sting                    Tmut/Pois      8%         1d3       24%         1
 Blink                    Tloc           N/A        N/A       34%         2
 Slow                     Hex            2%         N/A       34%         2
 Conjure Flame            Conj/Fire      5%         6-21      36%         3
 Mephitic Cloud           Conj/Pois/Air  2%         N/A       56%         3
 Spider Form              Tmut/Pois      1%         N/A       56%         3


Dungeon Overview and Level Annotations

Branches:
Dungeon (2/15)

Altars:

Annotations:
D:2 Natasha


Innate Abilities, Weirdness & Mutations

You have very sharp teeth.
Your uncanny sense of smell can sniff out nearby items.
Your experience applies equally to all skills.


Message History

You hit Natasha.
Natasha is moderately wounded.
Natasha howls an incantation.
You feel troubled.
Natasha stares at you and mumbles some strange words.
You resist with significant effort.
Your crimson imp hits Natasha but does no damage.
You closely miss Natasha.
Natasha is moderately wounded.
Natasha barely misses you.
Your crimson imp misses Natasha.
You hit Natasha.
Natasha is severely wounded.
Natasha closely misses you.
Your crimson imp hits Natasha.
Natasha claws you.
You barely miss Natasha.
Natasha is severely wounded.
Your crimson imp hits Natasha but does no damage.
Natasha claws you.
* * * LOW HITPOINT WARNING * * *
You closely miss Natasha.
Natasha is severely wounded.
Your crimson imp misses Natasha.
Natasha closely misses you.
You riposte.
You hit Natasha but do no damage.
Natasha is severely wounded.
Your crimson imp closely misses Natasha.
You barely miss Natasha.
Natasha is severely wounded.
Natasha barely misses you.
Your crimson imp barely misses Natasha.
You hit Natasha but do no damage.
Natasha is severely wounded.
Natasha claws you but does no damage.
Your crimson imp barely misses Natasha.
You closely miss Natasha.
Natasha is severely wounded.
Natasha misses you.
Your crimson imp blinks!
You hit Natasha but do no damage.
Natasha is severely wounded.
Natasha claws you.
* * * LOW HITPOINT WARNING * * *
Natasha claws you.
You die...

∆... #.# #.# ... #.#
#######.####### #..
.h.............
#.################.#######
#.#.....#....5@h§........#
#.#.#.###.########.#####.#
#.#.#.# #.# #.# ..#
#.#.#.# #.# #.# ..#
#.#.#.# #.# #.# ..#
###)#.#.# #.# #.##### ..#
......#.# #.# ####†.....
..# ###)###.# #.#
#......######..#. #†#
#.###.## #................


You could see Natasha (ally target) and a friendly crimson imp (summoned).

Vanquished Creatures
  An adder (D:2)
  A worm (D:2)
  A dart slug (D:1)
  3 endoplasms
  A goblin (D:1)
  2 hobgoblins (D:1)
  6 jackals (D:1)
  3 kobolds (D:1)
  A quokka (D:1)
  2 ball pythons (D:1)
  2 bats (D:1)
  A frilled lizard (D:1)
  3 rats
27 creatures vanquished.

Vanquished Creatures (collateral kills)
  A worm (D:2)
  A bat (D:2)
  2 goblins (D:2)
4 creatures vanquished.

Grand Total: 31 creatures vanquished

Notes
Turn   | Place    | Note
-------+----------+-------------------------------------------
     0 | D:1      | harryhousin the Gnoll Wanderer began the quest for the Orb.
     0 | D:1      | harryhousin set off with the following items: a +0
                  | falchion, a +0 robe, a +0 dagger; and the following spells
                  | available to memorise: Call Imp, Magic Dart, Sting, Conjure
                  | Flame, Blink, Slow, Mephitic Cloud, Spider Form
     0 | D:1      | Reached XP level 1. HP: 13/13 MP: 1/1
   518 | D:1      | Reached XP level 2. HP: 15/19 MP: 2/2
   693 | D:1      | Learned a level 1 spell: Magic Dart
  1492 | D:1      | Reached XP level 3. HP: 10/25 MP: 3/3
  2016 | D:1      | Learned a level 2 spell: Call Imp
  2140 | D:2      | Reached skill level 1 in Invocations
  2628 | D:2      | Noticed Natasha
  2648 | D:2      | Slain by Natasha

Illustrated notes

Levels and vault maps discovered:
D:1:      lemuel_arrival_river_ford, layout_loops_ring, minmay_misc_feat_alley,
          wad_floor_pattern_untrapped, chequers_serial_rivers_micro_a,
          roderic_cross_of_infinity
D:2:      layout_basic, minmay_misc_feat_room, uniq_natasha

Skill      XL: |  1  2  3 |
---------------+----------+-----
Invocations    | 1 |  1.0
Fighting       | |  0.9
Short Blades   | |  0.9
Long Blades    | |  2.6
Axes           | |  0.9
Maces & Flails | |  0.9
Polearms       | |  0.9
Staves         | |  0.9
Slings         | |  0.9
Bows           | |  0.9
Crossbows      | |  0.9
Throwing       | |  0.9
Armour         | |  0.9
Dodging        | |  0.9
Stealth        | |  7.8
Shields        | |  0.9
Unarmed Combat | |  0.9
Spellcasting   | |  0.9
Conjurations   | |  0.6
Hexes          | |  0.6
Summonings     | |  5.4
Necromancy     | |  0.6
Translocations | |  0.6
Transmutations | |  0.6
Fire Magic     | |  3.8
Ice Magic      | |  0.6
Air Magic      | |  0.6
Earth Magic    | |  0.6
Poison Magic   | |  0.6
Evocations     | |  0.9

Action                   || total
-------------------------++-------
Melee: Falchion          ||    88
       Bite              ||     7
 Cast: Magic Dart        ||    12
       Call Imp          ||     4
 Stab: Sleeping          ||     2
Armor: Robe              ||    12
Dodge: Dodged            ||    64
       Rpst.: Falchion   ||    15

Table legend: (Time is in decaauts)
 A = Elapsed time spent in this place.
 B = Non-inter-level travel time spent in this place.
 C = Inter-level travel time spent in this place.
 D = Time resting spent in this place.
 E = Time spent auto-exploring this place.
 F = Levels seen in this place.
 G = Mean time per level.
                   A        B        C        D        E       F      G
               +--------+--------+--------+--------+--------+-----+--------+
         Total |   2670 |   2663 |      7 |   1547 |    495 |   2 | 1335.0 |
       Dungeon |   2670 |   2663 |      7 |   1547 |    495 |   2 | 1335.0 |
               +--------+--------+--------+--------+--------+-----+--------+

Top non-repeatable levels by time:
     D:1: 2093 daAuts
     D:2: 576 daAuts
